 Dungeon Crawl Stone Soup version 0.28-a0-983-g1de4e0787c (webtiles) character file.

Game seed: 16883888387108449253

60 Decritt the Gusty (level 4, 0/26 HPs)
             Began as a Tengu Air Elementalist on Dec 3, 2021.
             Slain by a quokka (5 damage)
             ... on level 1 of the Dungeon.
             The game lasted 00:02:04 (1641 turns).

Decritt the Gusty (Tengu Air Elementalist)          Turns: 1641, Time: 00:02:05

Health: 0/26       AC:  2    Str:  9    XL:     4   Next: 4%
Magic:  2/8        EV: 12    Int: 17    God:
Gold:   48         SH:  0    Dex: 14    Spells: 6/7 levels left

rFire   . . .      SeeInvis .   f - +0 whip (elec)
rCold   . . .      Faith    .   (no shield)
rNeg    . . .      Spirit   .   a - +0 robe
rPois   .          Reflect  .   (helmet restricted)
rElec   .          Harm     .   (no cloak)
rCorr   .          Rampage  .   (no gloves)
Will    .....                   (boots unavailable)
Stlth   ++........              (no amulet)
HPRegen 0.08/turn               (no ring)
MPRegen 0.11/turn               (no ring)

@: no status effects
A: beak, talons 3
a: no special abilities


You were on level 1 of the Dungeon.
You visited 1 branch of the dungeon, and saw 2 of its levels.

You collected 48 gold pieces.

Inventory:

Hand Weapons
 f - a +0 whip of electrocution (weapon)
Armour
 a - a +0 robe (worn)
Scrolls
 b - a scroll of magic mapping {unknown}
 c - a scroll of teleportation {unknown}
 d - 2 scrolls of identify {unknown}
Potions
 e - a potion of ambrosia {unknown}


   Skills:
 * Level 1.7 Fighting
 + Level 2.7 Dodging
 - Level 2.0 Stealth
 - Level 2.0 Spellcasting
 + Level 2.3 Conjurations
 * Level 4.9 Air Magic


You had 6 spell levels left.
You knew the following spells:

 Your Spells              Type           Power      Damage    Failure   Level
a - Shock                 Conj/Air       56%        1d6       4%          1

Your spell library contained the following spells:

 Spells                   Type           Power      Damage    Failure   Level
 Static Discharge         Conj/Air       14%        N/A       6%          2
 Swiftness                Air            18%        N/A       8%          3
 Airstrike                Air            9%         N/A       26%         4


Dungeon Overview and Level Annotations

Branches:
Dungeon (2/15)

Altars:

Annotations:
D:1 Terence


Innate Abilities, Weirdness & Mutations

You have a beak for a mouth.
You have claws for feet.


Message History

Casting: Shock (safe; 4% risk of failure)
Confirm with . or Enter, or press ? or * to list all spells.
Aiming: Shock (safe; 4% risk of failure)
Press: ? - help, Shift-Dir - straight line, f/p - Jessica
Aim: Jessica, wielding a +0 club and wearing a +0 robe (almost dead, 68% to hit)
The zap hits Jessica.
You kill Jessica!
The quokka closely misses you.
You have reached level 4!
You feel stronger.
Casting: Shock (safe; 4% risk of failure)
Confirm with . or Enter, or press ? or * to list all spells.
Aiming: Shock (safe; 4% risk of failure)
Press: ? - help, Shift-Dir - straight line, f - quokka
Aim: a quokka (60% to hit)
The zap misses the quokka.
The quokka bites you. Terence barely misses you.
Casting: Shock (safe; 4% risk of failure)
Confirm with . or Enter, or press ? or * to list all spells.
Aiming: Shock (safe; 4% risk of failure)
Press: ? - help, Shift-Dir - straight line, f/p - quokka
Aim: a quokka (60% to hit)
The zap misses the quokka.
The quokka barely misses you. The quokka bites you.
Terence hits you with a +0 falchion.
Casting: Shock (safe; 4% risk of failure)
Confirm with . or Enter, or press ? or * to list all spells.
Aiming: Shock (safe; 4% risk of failure)
Press: ? - help, Shift-Dir - straight line, f/p - quokka
Aim: a quokka (60% to hit)
The zap hits the quokka.
The quokka is severely wounded.
The quokka barely misses you. Terence hits you with a +0 falchion!
* * * LOW HITPOINT WARNING * * *
The quokka closely misses you. Terence hits you with a +0 falchion.
* * * LOW HITPOINT WARNING * * *
You climb upwards.
There is a stone staircase leading down here.
The quokka bites you.
* * * LOW HITPOINT WARNING * * *
The quokka bites you.
You die...

####.###.#.####
##.#..####...###
≈≈≈####.......####.###.##
#...# ..8####..#........##
##.# #...#
####.##.....#.####.###.##
##.## .###.###.#..#.# ##.#..#
#.# ............#.# ##.#.##
#.# .###.###..>.#.# ##.#.##
#.# ##
#.###....#.######.###.###.#
#.##.......@r@...## ##)...#
####........#.######.###.#####
.....##)...##.#######.#.##
####...................##
...[.....###############
##########


You could see Terence and a quokka.

Vanquished Creatures
  Jessica (D:2)
  3 endoplasms (D:1)
  2 giant cockroaches (D:1)
  3 hobgoblins (D:1)
  7 jackals (D:1)
  3 quokkas (D:1)
  2 ball pythons (D:1)
  2 bats (D:1)
  3 frilled lizards (D:1)
  A goblin (D:1)
  3 kobolds (D:1)
30 creatures vanquished.

Notes
Turn   | Place    | Note
-------+----------+-------------------------------------------
     0 | D:1      | Decritt the Tengu Air Elementalist began the quest for the
                  | Orb.
     0 | D:1      | Reached XP level 1. HP: 10/10 MP: 4/4
    37 | D:1      | Found a faded altar of an unknown god.
   218 | D:1      | Reached XP level 2. HP: 16/16 MP: 3/6
   463 | D:1      | Reached skill level 1 in Fighting
  1172 | D:1      | Reached XP level 3. HP: 17/20 MP: 2/7
  1627 | D:2      | Noticed Terence
  1627 | D:2      | Noticed Jessica
  1630 | D:2      | Killed Jessica
  1631 | D:2      | Reached XP level 4. HP: 26/26 MP: 4/8
  1641 | D:1      | Slain by a quokka

Illustrated notes

Levels and vault maps discovered:
D:1:      sevenhm_arrival_forest_fort_small_3, layout_loops_ring,
          hellmonk_ecumenical_altar_lost_god
D:2:      layout_rooms, uniq_terence, uniq_jessica, uniq_crazy_yiuf_cottage

Skill      XL: |  1  2 |
---------------+-------+-----
Fighting       | 1 |  1.7
Conjurations   | 2 |  2.3
Dodging        | |  2.7
Stealth        | |  2.0
Spellcasting   | |  2.0
Air Magic      | |  4.9

Action                   |  1- 3 |  4- 6 || total
-------------------------+-------+-------++-------
Melee: Unarmed           |     3 |       ||     3
       Kick              |     5 |       ||     5
       Whip              |    25 |       ||    25
       Quarterstaff      |     3 |       ||     3
       Peck              |     1 |       ||     1
 Cast: Shock             |    45 |     3 ||    48
Armor: Robe              |     6 |       ||     6
Dodge: Dodged            |    24 |     4 ||    28

Table legend: (Time is in decaauts)
 A = Elapsed time spent in this place.
 B = Non-inter-level travel time spent in this place.
 C = Inter-level travel time spent in this place.
 D = Time resting spent in this place.
 E = Time spent auto-exploring this place.
 F = Levels seen in this place.
 G = Mean time per level.
                   A        B        C        D        E       F      G
               +--------+--------+--------+--------+--------+-----+--------+
         Total |   1643 |   1584 |     59 |    301 |   1116 |   2 |  821.5 |
       Dungeon |   1643 |   1584 |     59 |    301 |   1116 |   2 |  821.5 |
               +--------+--------+--------+--------+--------+-----+--------+

Top non-repeatable levels by time:
     D:1: 1635 daAuts
     D:2: 7 daAuts
